 Dungeon Crawl Stone Soup version 0.22-a0-782-g038298e (webtiles) character file.

6 Gaball the Grave Robber (level 1, -1/10 HPs)
             Began as a Deep Elf Necromancer on July 19, 2018.
             Shot with a stone by a goblin (4 damage)
             ... on level 2 of the Dungeon.
             The game lasted 00:01:33 (563 turns).

Gaball the Grave Robber (Deep Elf Necromancer)       Turns: 563, Time: 00:01:33

Health: -1/10      AC:  2    Str:  5    XL:     1   Next: 75%
Magic:  3/6        EV: 13    Int: 19    God:
Gold:   68         SH:  0    Dex: 15    Spells: 5/6 levels left

rFire    . . .     SeeInvis .   (no weapon)
rCold    . . .     Gourm    .   (no shield)
rNeg     . . .     Faith    .   a - +0 robe
rPois    .         Spirit   .   (no helmet)
rElec    .         Reflect  .   (no cloak)
rCorr    .         Harm     .   (no gloves)
MR       .....                  (no boots)
Stlth    ++........             (no amulet)
HPRegen  0.03/turn              (no ring)
MPRegen  0.10/turn              (no ring)

@: no status effects
A: no striking features
a: no special abilities


You were on level 2 of the Dungeon.
You were not hungry.

You visited 1 branch of the dungeon, and saw 2 of its levels.

You collected 68 gold pieces.

Inventory:

Armour
 a - a +0 robe (worn)
Jewellery
 i - a cursed ring of teleportation {unknown}
Scrolls
 d - a scroll of identify {unknown}
 f - a scroll of immolation {unknown}
 g - a scroll of enchant weapon {unknown}
 h - a scroll of fear {unknown}
 l - a scroll of remove curse {unknown}
Potions
 b - a potion of flight {unknown}
 e - a potion of magic {unknown}
 j - a potion of brilliance {unknown}
Comestibles
 c - 2 rations
 k - 6 chunks of flesh


   Skills:
 + Level 2.6 Dodging
 + Level 2.7 Stealth
 + Level 3.2 Spellcasting
 + Level 4.9 Necromancy


You had 5 spell levels left.
You knew the following spells:

 Your Spells              Type           Power        Failure   Level  Hunger
a - Pain                  Necr           ###.         1%          1    None

Your spell library contained the following spells:

 Spells                   Type           Power        Failure   Level  Hunger
 Animate Dead             Necr           N/A          19%         4    ####...
 Animate Skeleton         Necr           N/A          1%          1    None
 Vampiric Draining        Necr           ###.......   6%          3    ###....
 Regeneration             Chrm/Necr      ##........   16%         3    ###....


Dungeon Overview and Level Annotations

Branches:
Dungeon (2/15)

Altars:


Message History

The goblin shouts!
The goblin wields a hunting sling.
The goblin shoots a stone.
The stone hits you.
Found a bubbling coppery potion.
You see here a stone.
Casting: Pain (safe; 1% risk of failure)
Confirm with . or Enter, or press ? or * to list all spells.
Aiming: Pain (safe; 1% risk of failure)
Press: ? - help, Shift-Dir - straight line, f - goblin
Aim: a goblin, wielding a hunting sling (chance to defeat MR: 91%)
The goblin writhes in agony!
The goblin shoots a stone.
The stone closely misses you.
Unknown command.
Casting: Pain (safe; 1% risk of failure)
Confirm with . or Enter, or press ? or * to list all spells.
Aiming: Pain (safe; 1% risk of failure)
Press: ? - help, Shift-Dir - straight line, f/p - goblin
Aim: a goblin, wielding a hunting sling (severely wounded, chance to defeat MR: 91%)
The goblin barely resists.
The goblin shoots a stone.
The stone hits you.
You die...

##........## ...(.......#
###.#. ###...#.#..# #....
..........รท#####.#.###
###..####......#.#....
######### ...
#..#..##..... #?......# #
#..#..##..###.#.#.#####.#
#..#.............. #.#
.......(.@....g#.## #.#
##.###.>....##.## #.# #.#
#.####....# #.# #. #.#
...... #.# ..# #.### #(#
#### ... #.# !### #.#
#.#######.# #.........#


You could see a goblin.

Vanquished Creatures
  A goblin (D:2)
  2 hobgoblins (D:1)
  A bat (D:1)
  A frilled lizard (D:1)
  A kobold (D:1)
6 creatures vanquished.

Notes
Turn   | Place    | Note
-------+----------+-------------------------------------------
     0 | D:1      | Gaball the Deep Elf Necromancer began the quest for the Orb.
     0 | D:1      | Reached XP level 1. HP: 10/10 MP: 6/6
   563 | D:2      | Shot with a stone by a goblin

Vault maps used:
D:1:      lemuel_arrival_funnel, minmay_misc_feat_x

Action                   || total
-------------------------++-------
 Cast: Pain              ||    13
Armor: Robe              ||     1
Dodge: Dodged            ||     4

Table legend:
 A = Spawn XP
 B = Non-spawn XP
 C = Spawn XP percentage of total XP
 D = Spawn monster count
 E = Non-spawn monster count
 F = Spawn count percentage of total count
 G = Total turns spent on level
                    A         B        C        D         E        F      G
               +---------+---------+-------+---------+---------+-------+---------
         Total |       0 |       9 |   0.0 |       0 |       6 |   0.0 |   563
               +---------+---------+-------+---------+---------+-------+---------
           D:1 |       0 |       7 |   0.0 |       0 |       5 |   0.0 |   513
           D:2 |       0 |       2 |   0.0 |       0 |       1 |   0.0 |    50
               +---------+---------+-------+---------+---------+-------+---------
